 Dungeon Crawl Stone Soup version 0.21.0-3-g78d12a8bdd (webtiles) character file.

213 Livsi the Cudgeler (level 5, -2/47 HPs)
             Began as a Minotaur Monk on Jan 12, 2018.
             Slain by an orc
             ... wielding a +0 mace
              (3 damage)
             ... on level 3 of the Dungeon.
             The game lasted 00:20:51 (2993 turns).

Livsi the Cudgeler (Minotaur Monk)                  Turns: 2993, Time: 00:20:51

Health: -2/47      AC:  3    Str: 16    XL:     5   Next: 59%
Magic:  4/4        EV: 14    Int:  7    God:
Gold:   130        SH:  0    Dex: 13    Spells: 4/4 levels left

rFire    . . .     SeeInvis +   R - +0 mace
rCold    . . .     Gourm    .   (no shield)
rNeg     . . .     Faith    .   f - +1 robe
rPois    .         Spirit   .   (helmet restricted)
rElec    .         Reflect  .   (no cloak)
rCorr    .         Harm     .   (no gloves)
MR       .....                  (no boots)
Stlth    ++........             (no amulet)
HPRegen  0.15/turn              N - ring of see invisible
MPRegen  0.09/turn              (no ring)

@: lethally poisoned (-2 -> -8)
A: retaliatory headbutt, horns 2
a: no special abilities


You were on level 3 of the Dungeon.
You were not hungry.

You visited 1 branch of the dungeon, and saw 3 of its levels.

You collected 130 gold pieces.

Inventory:

Hand Weapons
 a - a +0 mace
 e - a +0 mace
 g - a +0 dagger
 h - a +0 spear
 i - a +0 club
 j - a +0 mace
 k - a +0 falchion
 l - a cursed +0 hand axe
 m - a +0 spear
 p - a +0 club
 r - a +0 mace
 s - a +0 club
 t - a +0 club
 u - a +0 short sword
 v - a +0 club
 z - a cursed -3 club
 D - a +0 short sword
 F - a +0 club
 G - a +0 dagger
 H - a +0 spear
 J - a +0 club
 K - a +0 flail
 L - a +0 short sword
 M - a +0 flail
 P - a +0 club
 Q - a +0 dagger
 R - a +0 mace (weapon)
 S - a cursed -3 short sword
 T - a cursed +0 short sword
 V - a +0 club
Missiles
 n - 74 stones (quivered)
 q - 3 javelins
 y - 36 poisoned needles
 A - 22 arrows
Armour
 b - a +0 robe
 d - a +1 naga barding
 f - a +1 robe (worn)
 w - a +0 ring mail
 B - a +0 chain mail
 E - a +0 robe
 I - a +0 ring mail
 U - a +0 leather armour
Jewellery
 N - a ring of see invisible (left hand)
Scrolls
 o - a scroll of noise
 x - a scroll of teleportation
 O - a scroll of remove curse
Potions
 C - 2 potions of curing
Comestibles
 c - 5 rations


   Skills:
 + Level 4.7 Fighting
 + Level 5.5 Maces & Flails
 + Level 4.5 Dodging
 + Level 2.4 Stealth


You had 4 spell levels left.
You didn't know any spells.

Dungeon Overview and Level Annotations

Branches:
Dungeon (3/15)

Altars:
Okawaru


Innate Abilities, Weirdness & Mutations

You reflexively headbutt those who attack you in melee.
You have a pair of horns on your head.


Message History

You closely miss the orc.
The orc is moderately wounded.
* * * LOW HITPOINT WARNING * * *
You feel sick. The orc barely misses you.
You closely miss the orc.
The orc is moderately wounded.
* * * LOW HITPOINT WARNING * * *
You feel sick. The orc closely misses you.
* * * LOW HITPOINT WARNING * * *
You feel sick.
You hit the orc.
The orc is severely wounded.
* * * LOW HITPOINT WARNING * * *
You feel sick. The orc hits you with a mace.
* * * LOW HITPOINT WARNING * * *
You barely miss the orc.
The orc is severely wounded.
* * * LOW HITPOINT WARNING * * *
You feel sick. The orc hits you with a mace.
You die...

#. ########### ##.###
..........# ..#..
#########.# ##'#.####
#.# #....... . #.#
#...... .. #.# #.$..# ..
##### #.# #..o.##.###
....# #.# +..@......#
###.#####.####.)..##...#
.............)))...# ..#
..#.#####.####...#.# ...
..#.....#.########?# ##
>............ .#
..#.....#.###### .#
......###....... $.
..##......#####...


You could see an orc.

Vanquished Creatures
  2 orc priests (D:3)
  An orc wizard (D:3)
  3 gnolls (D:3)
  An adder (D:3)
  3 dart slugs
  A leopard gecko (D:2)
  10 orcs (D:3)
  A ball python (D:3)
  2 giant cockroaches
  9 goblins
  7 hobgoblins
  8 jackals
  8 kobolds
  A quokka (D:2)
  7 bats
  8 frilled lizards
  3 rats (D:1)
75 creatures vanquished.

Notes
Turn   | Place    | Note
-------+----------+-------------------------------------------
     0 | D:1      | Livsi the Minotaur Monk began the quest for the Orb.
     0 | D:1      | Reached XP level 1. HP: 19/19 MP: 0/0
   154 | D:1      | Found an iron altar of Okawaru.
   188 | D:1      | Reached XP level 2. HP: 23/27 MP: 1/1
   414 | D:1      | Reached skill level 4 in Maces & Flails
   593 | D:1      | Reached XP level 3. HP: 27/33 MP: 2/2
  2312 | D:3      | Reached XP level 4. HP: 25/41 MP: 3/3
  2455 | D:3      | Reached skill level 5 in Maces & Flails
  2459 | D:3      | Reached XP level 5. HP: 15/47 MP: 4/4
  2992 | D:3      | HP: 2/47 [orc/mace (1)]
  2993 | D:3      | Slain by an orc

Skill      XL: |  1  2  3  4 |
---------------+-------------+-----
Fighting       | 4 |  4.7
Maces & Flails | 4 5 |  5.5
Stealth        | 2 |  2.4
Dodging        | 4 |  4.5

Action                   |  1- 3 |  4- 6 || total
-------------------------+-------+-------++-------
Melee: Mace              |   104 |    70 ||   174
       Headbutt          |    18 |    13 ||    31
  Use: Scroll            |     8 |     1 ||     9
       Potion            |     1 |     1 ||     2
 Stab: Sleeping          |     3 |     1 ||     4
  Eat: Ration            |     2 |       ||     2
Armor: Robe              |    23 |     9 ||    32
Dodge: Dodged            |   111 |    49 ||   160
